Map: Lerilak Crest

Players

Touka - Winner!

  • Race: Zerg Zerg

AgCl

  • Race: Protoss Protoss

VOD

Have the link to the VOD?

Description

Time

  • Played on: May 4, 2015, 10:27 p.m.
  • Length: 11:46
Show
View Real Time Build Order
Export as new Build Order

Touka Zerg - Winner!

Build Orders: Hatch First 

Get SALT Encoding   

  12  0:01  Drone  
  13  0:09  Drone  
  14  0:22  Drone, Extractor  
  15  0:46  Hatchery  
  14  0:50  Extractor  
  14  0:51  Drone  
  15  1:01  Spawning Pool  
  14  1:05  Extractor  
  14  1:06  Drone, Extractor  
  14  1:09  Drone  
  16  1:17  Overlord  
  16  1:39  Drone x3  
  19  1:51  Queen  
  21  1:58  Queen  
  21  1:59  Drone x2  
  25  2:02  Zergling x2  
  26  2:11  Drone  
  27  2:19  Drone  
  28  2:23  Overlord  
  28  2:43  Drone x3  
  28  2:44  Drone  
  32  2:47  Drone  
  33  2:55  Drone x2  
  35  3:03  Drone  
  35  3:04  Overlord  
  36  3:12  Overlord  
  35  3:17  Extractor x2, Queen  
  35  3:27  Hatchery, Drone x4  
  35  3:28  Overlord  
  35  3:32  Drone  
  35  3:33  Drone  
  41  3:48  Drone x3  
  41  3:49  Drone  
  41  3:51  Evolution Chamber x2, Drone x3  
  41  3:52  Drone  
  46  4:04  Zergling x4  
  46  4:09  Zergling x8  
  52  4:12  Metabolic Boost  
  52  4:24  Drone x5  
  54  4:28  Lair  
  54  4:30  Overlord  
  57  4:46  Spore Crawler  
  57  4:49  Spore Crawler, Extractor  
  57  4:51  Extractor  
  57  4:52  Zerg Melee Weapons Level 1  
  53  4:54  Zergling x20  
  53  4:59  Spore Crawler  
  62  5:00  Drone  
  62  5:01  Drone  
  58  5:34  Spore Crawler  
  57  5:37  Drone  
  57  5:38  Drone x5  
  63  5:42  Zerg Ground Armor Level 1  
  63  5:48  Overlord  
  63  5:49  Infestation Pit  
  62  5:50  Zergling x16  
  62  5:53  Extractor  
  62  5:56  Extractor  
  68  5:57  Drone  
  68  5:58  Queen  
  68  6:02  Drone x3  
  68  6:03  Overlord  
  68  6:04  Overlord  
  74  6:20  Zergling x2  
  74  6:21  Zergling x8  
  78  6:37  Queen  
  82  6:43  Hive  
  82  6:45  Drone x8  
  82  6:46  Drone x5  
  93  6:59  Overlord x2  
  90  7:15  Baneling Nest, Overlord  
  71  7:30  Zergling x2  
  71  7:31  Zergling x20  
  71  7:36  Ventral Sacs  
  81  7:40  Zerg Ground Armor Level 2, Zerg Melee Weapons Level 2  
  81  7:43  Zergling x6  
  84  7:58  Centrifical Hooks  
  84  7:59  Viper  
  84  8:00  Viper x3  
  84  8:03  Overlord  
  96  8:05  Hatchery  
  96  8:09  Overlord  
  96  8:10  Zergling x2  
  96  8:11  Zergling x14  
  96  8:12  Ultralisk Cavern  
  102  8:19  Spine Crawler  
  101  8:20  Zergling x6  
  104  8:59  Hatchery  
  103  9:14  Viper x4  
  101  9:33  Chitinous Plating  
  101  9:35  Ultralisk x2  
  101  9:37  Zergling x18  
  110  9:46  Drone x4  
  110  9:48  Zergling x2  
  110  9:49  Zergling x2  
  116  10:03  Lair  
  116  10:13  Ultralisk x2  
  128  10:15  Zergling x4  
  128  10:16  Zergling x20  
  128  10:19  Drone x2, Extractor  
  128  10:21  Drone, Extractor  
  141  10:28  Burrow  
  139  10:37  Drone  
  139  10:39  Drone x2  
  142  10:46  Spore Crawler  
  141  10:52  Overlord x2  
  141  10:53  Overlord  
  141  10:56  Baneling x4  
  141  10:57  Baneling x7  
  141  10:59  Baneling x2  
  141  11:00  Baneling x2  
  141  11:01  Overlord  
  141  11:02  Overlord  
  141  11:11  Drone x2  
  143  11:19  Spore Crawler  
Show
View Real Time Build Order
Export as new Build Order

AgCl Protoss 

Build Orders:  

Get SALT Encoding   

  12  0:02  Probe  
  13  0:14  Probe  
  14  0:28  Pylon  
  14  0:39  Assimilator  
  14  0:46  Probe  
  15  0:58  Probe  
  16  1:14  Probe (Chrono Boost)  
  17  1:19  Nexus  
  18  1:25  Probe (Chrono Boost)  
  18  1:31  Gateway, Probe (Chrono Boost)  
  19  1:43  Probe  
  20  1:56  Probe  
  20  1:57  Pylon  
  21  2:01  Pylon  
  21  2:09  Probe (Chrono Boost)  
  21  2:12  Assimilator  
  22  2:18  Probe (Chrono Boost)  
  23  2:29  Probe (Chrono Boost)  
  24  2:30  Probe (Chrono Boost)  
  24  2:31  Cybernetics Core  
  25  2:41  Probe (Chrono Boost)  
  25  2:42  Probe (Chrono Boost), Zealot (Chrono Boost)  
  29  2:47  Probe  
  29  2:50  Probe  
  31  3:00  Probe (Chrono Boost)  
  31  3:04  Probe (Chrono Boost)  
  32  3:12  Mothership Core (Chrono Boost)  
  34  3:14  Warp Gate (Chrono Boost)  
  34  3:19  Probe (Chrono Boost), Pylon, Stargate  
  35  3:27  Probe (Chrono Boost)  
  37  3:30  Probe (Chrono Boost)  
  37  3:38  Probe (Chrono Boost)  
  39  3:43  Assimilator  
  39  3:44  Probe (Chrono Boost)  
  39  3:46  Probe (Chrono Boost)  
  39  3:47  Assimilator  
  40  3:49  Pylon  
  40  3:52  Probe (Chrono Boost)  
  40  3:53  Probe (Chrono Boost)  
  44  4:03  Probe (Chrono Boost)  
  44  4:06  Oracle  
  44  4:08  Probe (Chrono Boost)  
  47  4:11  Probe (Chrono Boost)  
  47  4:14  Probe  
  49  4:20  Gateway  
  49  4:22  Gateway  
  49  4:25  Probe (Chrono Boost), Pylon  
  49  4:28  Pylon  
  51  4:31  Probe (Chrono Boost)  
  51  4:36  Probe (Chrono Boost)  
  52  4:41  Probe (Chrono Boost)  
  52  4:43  Probe (Chrono Boost)  
  52  4:45  Gateway  
  53  4:51  Probe  
  54  4:54  Probe  
  54  4:57  Void Ray (Chrono Boost)  
  59  5:03  Probe  
  59  5:06  Probe  
  61  5:12  Zealot  
  63  5:15  Probe, Zealot  
  62  5:33  Probe (Chrono Boost)  
  62  5:34  Pylon  
  64  5:35  Probe (Chrono Boost)  
  64  5:49  Nexus  
  65  5:50  Probe (Chrono Boost)  
  65  5:51  Protoss Air Weapons Level 1 (Chrono Boost), Assimilator  
  65  5:54  Fleet Beacon  
  65  5:56  Assimilator  
  66  5:58  Pylon  
  66  6:00  Probe (Chrono Boost)  
  66  6:01  Probe (Chrono Boost)  
  67  6:07  Probe x2 (Chrono Boost)  
  67  6:10  Gateway  
  69  6:17  Carrier (Chrono Boost)  
  69  6:19  Probe x2  
  71  6:31  Probe  
  70  6:35  Gateway  
  70  6:37  Pylon  
  76  6:40  Graviton Catapult (Chrono Boost)  
  76  6:42  Pylon  
  76  6:47  Pylon  
  76  6:48  Stargate  
  76  6:50  Pylon  
  76  6:52  Forge  
  76  6:54  Sentry, Pylon  
  78  6:55  Adept  
  78  6:56  Adept x2  
  78  7:34  Probe x2, Carrier (Chrono Boost)  
  74  7:46  Photon Cannon  
  74  7:49  Pylon  
  74  7:55  Void Ray  
  84  8:04  Stargate  
  84  8:05  Twilight Council  
  84  8:08  Gateway  
  84  8:09  Gateway  
  84  8:13  Gateway  
  84  8:18  Probe (Chrono Boost)  
  87  8:20  Protoss Air Weapons Level 2 (Chrono Boost)  
  87  8:22  Probe (Chrono Boost)  
  87  8:23  Probe (Chrono Boost)  
  87  8:27  Probe (Chrono Boost)  
  88  8:29  Probe x2 (Chrono Boost)  
  88  8:32  Pylon, Carrier (Chrono Boost)  
  88  8:33  Carrier (Chrono Boost)  
  89  8:36  Cybernetics Core  
  89  8:39  Pylon  
  88  8:47  Carrier (Chrono Boost)  
  100  9:00  Robotics Facility  
  106  9:04  Zealot  
  106  9:07  Protoss Ground Weapons Level 1 (Chrono Boost)  
  86  9:17  Probe x2  
  88  9:31  Zealot x4  
  73  9:46  Probe (Chrono Boost)  
  73  9:50  Phoenix (Chrono Boost)  
  73  9:51  Probe (Chrono Boost)  
  73  9:52  Probe (Chrono Boost)  
  77  9:58  Probe (Chrono Boost)  
  79  10:25  Probe (Chrono Boost)  
  79  10:37  Probe  
  80  10:44  Photon Cannon  
  80  10:50  Photon Cannon  
  80  11:00  Templar Archives, Observer (Chrono Boost)  
  81  11:14  Observer (Chrono Boost)  
Tags
 
Add a new tag
Caveats
  • Supply blocks, unpowered buildings, or Contaminate may cause inaccurate times.
  • Supply counts are checked every 10 seconds.